 Dungeon Crawl Stone Soup version 0.20-a0-51-g027d3fc (webtiles) character file.

15385 sveltemanboy the Cleaver (level 12, -3/81 HPs)
             Began as a Demonspawn Skald on Nov 15, 2016.
             Was a High Priest of Okawaru.
             Slain by a catoblepas (22 damage)
             ... on level 12 of the Dungeon.
             The game lasted 00:39:20 (11400 turns).

sveltemanboy the Cleaver (Demonspawn Skald)        Turns: 11400, Time: 00:39:21

Health: -3/81      AC: 14    Str: 16    XL:     12   Next: 0%
Magic:  18/19      EV: 11    Int: 19    God:    Okawaru [*****.]
Gold:   878        SH:  0    Dex: 11    Spells: 6 memorised, 3 levels left

rFire  + . .     SeeInvis .     o - +2 hand axe (chop)
rCold  . . .     Gourm    .     l - +0 troll leather armour
rNeg   . . .     Faith    .     (no shield)
rPois  +         Spirit   .     w - +2 hat
rElec  .         Reflect  .     f - +0 cloak
rCorr  .         Harm     .     (no gloves)
MR     .....                    j - +2 pair of boots
Stlth  +.........               B - amulet of regeneration (curse)
                                L - ring of protection from fire
                                r - +4 ring of intelligence

@: sanguine armour, repel missiles
A: antennae 1, hooves 2, clumsy 1, deformed body, poison resistance, spiny 3,
wild magic 1, rot immunity, sanguine armour 1
a: Heroism, Finesse, Renounce Religion


You were on level 12 of the Dungeon.
You worshipped Okawaru.
Okawaru was extremely pleased with you.
You were not hungry.

You visited 2 branches of the dungeon, and saw 13 of its levels.
You also visited: Sewer and Bailey.

You collected 1136 gold pieces.
You spent 258 gold pieces at shops.

Inventory:

Hand Weapons
 o - a +2 hand axe of chopping (weapon)
Armour
 f - a +0 cloak (worn)
 j - a +2 pair of boots (worn)
 l - a +0 troll leather armour (worn)
 w - a +2 hat (worn)
Jewellery
 r - a +4 ring of intelligence (left hand)
 A - an uncursed amulet of faith {unknown}
 B - a cursed amulet of regeneration (around neck)
 J - an uncursed ring of ice
 K - an uncursed amulet of rage {unknown}
 L - a ring of protection from fire (right hand)
Wands
 i - a wand of teleportation (5/9)
 p - a wand of lightning (4/15)
 y - a wand of slowing (17/48)
 z - a wand of lightning (2/15)
 D - a wand of iceblast (0/15)
 E - a wand of digging (10/24)
Scrolls
 e - a scroll of blinking
 g - 4 scrolls of teleportation
 h - 4 scrolls of remove curse
 m - 8 scrolls of identify
 s - 2 scrolls of fog
 u - 2 scrolls of magic mapping
 H - a scroll of enchant armour
Potions
 c - 3 potions of curing
 n - 6 potions of flight
 t - a potion of magic
 G - 2 potions of cancellation
 I - a potion of brilliance
Miscellaneous
 v - a sack of spiders
 C - a box of beasts
Comestibles
 a - 8 fruits
 b - a beef jerky
 d - 6 bread rations
 k - 3 meat rations
 q - 4 slices of pizza
 x - 5 chunks of flesh
 F - 7 royal jellies


   Skills:
 + Level 3.2 Fighting
 * Level 13.4 Axes
 - Level 2.1 Armour
 - Level 1.0 Dodging
 - Level 2.0 Spellcasting
 - Level 3.0 Hexes
 - Level 5.0 Charms
 - Level 3.0 Necromancy
 - Level 10.1 Invocations
 + Level 6.8 Evocations


You had 3 spell levels left.
You knew the following spells:

 Your Spells              Type           Power        Failure   Level  Hunger
a - Infusion              Chrm           ####         4%          1    #......
b - Song of Slaying       Chrm           ####....     8%          2    ###....
c - Regeneration          Chrm/Necr      ###.......   17%         3    ###....
d - Spectral Weapon       Hex/Chrm       ###.....     17%         3    ###....
e - Animate Skeleton      Necr           N/A          12%         1    #......
f - Repel Missiles        Chrm/Air       ##....       17%         2    ###....


Dungeon Overview and Level Annotations

Branches:
Dungeon (12/15)            Temple (1/1) D:6            Lair (0/6) D:8
    Orc (0/2) D:9

Altars:
Ashenzari
Cheibriados
Dithmenos
Gozag
Hepliaklqana
Kikubaaqudgha
Makhleb
Nemelex Xobeh
Okawaru
Qazlal
Ru
Vehumet
Yredelemnul

Shops:
D:4 [[   D:5 =   D:6 (


Innate Abilities, Weirdness & Mutations

You have hoof-like feet.
You are completely covered in sharp spines.
You are immune to rotting.
When seriously injured, your bleeding wounds create armour. (AC +6)
You have a pair of small antennae on your head.
You are clumsy. (Dex -2)
Armour fits poorly on your strangely shaped body.
Your system is resistant to poisons. (rPois)
Your spells are a little harder to cast, but a little more powerful.


Message History

You are engulfed in calcifying dust.
The catoblepas gores you.
You are engulfed in calcifying dust.
Your song has ended.
The catoblepas breathes a plume of calcifying dust at you.
The blast of calcifying dust hits you! The catoblepas gores you!
* * * LOW HITPOINT WARNING * * *
The catoblepas gores you.
The catoblepas is struck by your spines.
The catoblepas gores you!
* * * LOW HITPOINT WARNING * * *
The catoblepas breathes a plume of calcifying dust at you.
The blast of calcifying dust hits you!
You are engulfed in calcifying dust.
The catoblepas breathes a plume of calcifying dust at you.
The blast of calcifying dust hits you!
* * * LOW HITPOINT WARNING * * *
You turn to flesh and can move again.
The catoblepas gores you!!
You die...

#############
#............
#....@.......
#§§§§Y.......
#............
#............
#............
.......#######.
.......#
........#
#######.#


You could see a catoblepas.

Vanquished Creatures
  Fannar (D:11)
  Pikel (D:7)
  3 orc knights (Bailey)
  Joseph (D:8)
  A gargoyle (D:11)
  A queen bee (D:9)
  2 trolls
  Grinder (D:5)
  6 slime creatures (D:10)
  Prince Ribbit (D:5)
  2 hippogriffs (D:8)
  Sigmund (D:5)
  16 yaks
  Eustachio (D:5)
  A steam dragon (D:7)
  Menkaure (D:6)
  A soldier ant (D:10)
  The ghost of anet the Magician, an amateur DEWz (Sewer)
  4 slaves (D:7)
  Duvessa (D:7)
  2 sky beasts
  8 orc warriors
  2 ice beasts
  2 phantoms (D:7)
  A wolf (D:8)
  5 ogres
  4 big kobolds
  3 bullfrogs
  A gnoll sergeant (D:10)
  Blork the orc (D:6)
  A scorpion (D:8)
  Dowan (D:7)
  23 killer bees
  12 wights
  3 electric eels (D:8)
  9 howler monkeys
  2 bullfrog zombies
  3 crimson imps
  2 centaur zombies
  11 hounds
  6 orc priests
  2 jellies (D:7)
  5 bullfrog skeletons
  2 centaur skeletons
  3 iguanas
  14 orc wizards
  6 worker ants
  A merfolk siren (Sewer)
  2 killer bee zombies
  A merfolk avatar (Sewer)
  A hound zombie (D:10)
  9 gnolls
  14 adders
  A river rat (Sewer)
  4 oozes
  An adder skeleton (D:7)
  2 worms (D:2)
  2 dart slugs (D:3)
  11 leopard geckos
  29 orcs
  6 ball pythons
  7 bats
  10 giant cockroaches
  18 goblins
  11 hobgoblins
  16 jackals
  29 kobolds
  5 quokkas
  A ball python skeleton (D:5)
  11 frilled lizards
  A jackal zombie (D:7)
  A quokka skeleton (D:6)
  A quokka zombie (D:8)
  36 rats
412 creatures vanquished.

Vanquished Creatures (collateral kills)
  An ugly thing (D:11)
  A troll (D:11)
  A scorpion (D:11)
  An iguana (D:11)
  A hobgoblin (Bailey)
5 creatures vanquished.

Vanquished Creatures (others)
  A leopard gecko (D:8)
  6 spectral weapons
7 creatures vanquished.

Grand Total: 424 creatures vanquished

Notes
Turn   | Place    | Note
-------+----------+-------------------------------------------
     0 | D:1      | sveltemanboy the Demonspawn Skald began the quest for the Orb.
     0 | D:1      | Reached XP level 1. HP: 16/16 MP: 3/3
    62 | D:1      | Reached skill level 1 in Armour
    65 | D:1      | Reached skill level 1 in Dodging
    69 | D:1      | Reached skill level 2 in Axes
   104 | D:1      | Gained mutation: When seriously injured, your bleeding wounds create armour. (AC +6) [demonic ancestry]
   104 | D:1      | Reached XP level 2. HP: 14/22 MP: 5/5
   798 | D:1      | Gained mutation: You are partially covered in sharp spines. [demonic ancestry]
   798 | D:1      | Reached XP level 3. HP: 25/27 MP: 6/6
  1488 | D:2      | Reached skill level 3 in Axes
  1713 | D:2      | Reached XP level 4. HP: 33/33 MP: 4/7
  2223 | D:2      | Reached skill level 1 in Evocations
  2390 | D:2      | Gained mutation: You are mostly covered in sharp spines. [demonic ancestry]
  2390 | D:2      | Reached XP level 5. HP: 37/38 MP: 8/8
  2536 | D:3      | Reached skill level 4 in Axes
  2544 | D:3      | Learned a level 2 spell: Song of Slaying
  2548 | D:3      | Learned a level 3 spell: Regeneration
  2646 | D:3      | Reached skill level 1 in Necromancy
  2646 | D:3      | Reached XP level 6. HP: 17/44 MP: 9/9
  2886 | D:3      | Learned a level 3 spell: Spectral Weapon
  3138 | D:3      | Reached skill level 5 in Axes
  3608 | D:4      | Found Ete Ruwn's Antique Armour Shop.
  3657 | D:4      | Noticed an ice beast
  3674 | D:4      | Gained mutation: You are clumsy. (Dex -2) [potion of mutation]
  3674 | D:4      | Gained mutation: Your system is resistant to poisons. (rPois) [potion of mutation]
  3674 | D:4      | Gained mutation: You have a pair of small antennae on your head. [potion of mutation]
  3679 | D:4      | Killed an ice beast
  3679 | D:4      | Gained mutation: You are immune to rotting. [demonic ancestry]
  3679 | D:4      | Reached XP level 7. HP: 28/50 MP: 10/10
  3760 | D:4      | Found a glowing drain.
  3783 | Sewer    | Entered a sewer
  3819 | Sewer    | Noticed anet's ghost (amateur DEWz)
  3829 | Sewer    | Killed anet's ghost
  3986 | Sewer    | Reached skill level 6 in Axes
  4096 | Sewer    | Learned a level 1 spell: Animate Skeleton
  4449 | D:4      | Reached skill level 1 in Hexes
  4453 | D:4      | Gained mutation: You are completely covered in sharp spines. [demonic ancestry]
  4453 | D:4      | Reached XP level 8. HP: 52/56 MP: 5/11
  4585 | D:4      | Found Fapiq's Antique Armour Shoppe.
  4596 | D:4      | Bought an embroidered hat for 180 gold pieces
  5110 | D:5      | Entered Level 5 of the Dungeon
  5113 | D:5      | Found Heexoeck's Jewellery Shop.
  5117 | D:5      | Noticed Sigmund
  5232 | D:5      | Noticed Eustachio
  5262 | D:5      | Killed Eustachio
  5262 | D:5      | Reached skill level 7 in Axes
  5321 | D:5      | Killed Sigmund
  5350 | D:5      | Bought a cursed amulet of inaccuracy for 24 gold pieces
  5350 | D:5      | Bought a cursed ring of loudness for 54 gold pieces
  5452 | D:5      | Noticed Grinder
  5464 | D:5      | Killed Grinder
  5464 | D:5      | Reached skill level 5 in Evocations
  5671 | D:5      | Noticed Prince Ribbit
  5677 | D:5      | Killed Prince Ribbit
  5677 | D:5      | Reached skill level 8 in Axes
  5677 | D:5      | Reached XP level 9. HP: 39/61 MP: 8/13
  5853 | D:6      | Noticed Blork the orc
  5860 | D:6      | Killed Blork the orc
  5916 | D:6      | Noticed Menkaure
  5919 | D:6      | Found Qiofav's Antique Weapon Shoppe.
  5923 | D:6      | Killed Menkaure
  6260 | D:6      | Found a staircase to the Ecumenical Temple.
  6268 | Temple   | Entered the Ecumenical Temple
  6361 | Temple   | Became a worshipper of Warmaster Okawaru
  6545 | D:7      | Reached skill level 1 in Invocations
  6790 | D:7      | Reached skill level 9 in Axes
  7024 | D:7      | Reached skill level 5 in Charms
  7036 | D:7      | Reached * piety under Okawaru
  7101 | D:7      | Noticed Dowan
  7102 | D:7      | Noticed Duvessa
  7114 | D:7      | Killed Dowan
  7116 | D:7      | Killed Duvessa
  7241 | D:7      | Learned a level 2 spell: Repel Missiles
  7346 | D:7      | Found a sacrificial altar of Ru.
  7431 | D:7      | Noticed Pikel
  7449 | D:7      | Killed Pikel
  7449 | D:7      | Reached skill level 10 in Axes
  7449 | D:7      | Reached XP level 10. HP: 47/67 MP: 14/14
  7595 | D:8      | Reached skill level 5 in Invocations
  7598 | D:8      | Reached ** piety under Okawaru
  7690 | D:8      | Found a staircase to the Lair.
  8394 | D:8      | Noticed Joseph
  8405 | D:8      | Killed Joseph
  8405 | D:8      | Reached skill level 11 in Axes
  8451 | D:9      | Reached *** piety under Okawaru
  8470 | D:9      | HP: 1/67 [something (5)]
  8485 | D:9      | Gained mutation: You have a pair of antennae on your head. [mutagenic meat]
  8486 | D:9      | Lost mutation: You have a pair of antennae on your head. [mutagenic meat]
  8487 | D:9      | Gained mutation: Your spells are a little harder to cast, but a little more powerful. [mutagenic meat]
  8631 | D:9      | Reached **** piety under Okawaru
  8636 | D:9      | Gained mutation: You have large cloven feet. [demonic ancestry]
  8636 | D:9      | Reached XP level 11. HP: 29/72 MP: 9/17
  8752 | D:9      | Found a staircase to the Orcish Mines.
  8776 | D:9      | Found a flagged portal.
  8799 | Bailey   | Entered a bailey
  8811 | Bailey   | Noticed an orc knight
  8818 | Bailey   | Noticed an orc knight
  8826 | Bailey   | Noticed an orc knight
  8887 | Bailey   | Killed an orc knight
  8981 | Bailey   | Killed an orc knight
  8981 | Bailey   | Reached skill level 12 in Axes
  9056 | Bailey   | Killed an orc knight
  9549 | D:10     | Entered Level 10 of the Dungeon
  9849 | D:10     | Reached ***** piety under Okawaru
 10265 | D:10     | Reached skill level 10 in Invocations
 10412 | D:11     | Noticed Fannar
 10441 | D:11     | Killed Fannar
 10441 | D:11     | Reached skill level 13 in Axes
 10519 | D:11     | Noticed a purple ugly thing
 10525 | D:11     | Killed a purple ugly thing
 10530 | D:11     | Gained mutation: Armour fits poorly on your strangely shaped body. [mutagenic meat]
 10905 | D:11     | Received a gift from Okawaru
 11370 | D:12     | Noticed a catoblepas
 11386 | D:12     | Gained mutation: You have hoof-like feet. [demonic ancestry]
 11386 | D:12     | Reached XP level 12. HP: 40/81 MP: 16/19
 11400 | D:12     | Slain by a catoblepas

Vault maps used:
D:1:      sevenhm_arrival_forest_fort_small_3, serial_corexii_hall,
          corexii_hall_statues_deadend, corexii_hall_statues_x,
          corexii_hall_statues_s, corexii_hall_statues_t
D:2:      minmay_split_cup_small
D:3:      first_bread
D:4:      cheibrodos_thug_alley, gup_sewer_entry_glass, serial_shops,
          kennysheep_mini_moat, nicolae_shop_trees
D:5:      serial_shops, shop, uniq_prince_ribbit1, uniq_sigmund, uniq_eustachio,
          uniq_grinder
D:6:      serial_shops, shop, uniq_blork_the_orc, uniq_menkaure
D:7:      david_defended_altar_elf, uniq_duvessa, uniq_pikel
D:8:      erik_lair_island, uniq_joseph
D:9:      enter_bailey_3, david_nohive_1, minmay_misc_feat_tower
D:11:     uniq_fannar
Temple:   kilobyte_greek_temple
Sewer:    sewer_sea
Bailey:   bailey_axe_4, bailey

Skill      XL: |  1  2  3  4  5  6  7  8  9 10 11 |
---------------+----------------------------------+-----
Armour         | 1 2 |  2.1
Dodging        | 1 |  1.0
Axes           | 2 3 4 5 6 8 10 11 13 | 13.4
Evocations     | 1 2 3 5 6 |  6.8
Charms         | 3 5 |  5.0
Necromancy     | 1 2 3 |  3.0
Hexes          | 1 3 |  3.0
Invocations    | 4 8 10 | 10.1
Fighting       | 3 |  3.2
Spellcasting   | |  2.0

Action                   |  1- 3 |  4- 6 |  7- 9 | 10-12 || total
-------------------------+-------+-------+-------+-------++-------
Melee: Hand axe          |   113 |   148 |   350 |   475 ||  1086
       Punch             |       |       |       |     1 ||     1
 Cast: Infusion          |     3 |     3 |     3 |     1 ||    10
       Song of Slaying   |       |     1 |     8 |    16 ||    25
       Spectral Weapon   |       |       |     8 |    13 ||    21
       Regeneration      |       |       |     1 |     1 ||     2
       Animate Skeleton  |       |       |       |     3 ||     3
       Repel Missiles    |       |       |       |     1 ||     1
Invok: Heroism           |       |       |       |     4 ||     4
Evoke: Wand              |       |     2 |       |     4 ||     6
       Sack of spiders   |       |       |       |     1 ||     1
  Use: Potion            |       |     6 |     2 |     8 ||    16
       Scroll            |       |       |     9 |     5 ||    14
 Stab: Distracted        |       |       |     3 |     2 ||     5
       Invisible         |       |       |       |     2 ||     2
  Eat: Chunk             |     2 |     7 |    14 |    20 ||    43
Armor: Leather armour    |    33 |       |       |       ||    33
       Ring mail         |    15 |    53 |    84 |       ||   152
       Skin              |       |    26 |       |       ||    26
       Steam dragon scal |       |       |    21 |    33 ||    54
       Troll leather arm |       |       |       |   101 ||   101
Dodge: Dodged            |    73 |    74 |   119 |   215 ||   481
       Deflected         |       |       |       |     6 ||     6
